Cogmind - Beta 15 @@@ ROGUE MODE // 2025.05.08 @ 10:23:57 Player: ThatBishHoly Result: Destroyed by G-47 Trooper with Particle Gun Performance ------------- Evolutions (1) 500 Regions Visited (2) 400 Robots Destroyed (4) 20 Value Destroyed (118) 118 Prototype IDs (1) 20 Alien Tech Used (0) 0 Bonus (0) 0 TOTAL SCORE: 1058 Bonus ------- None Cogmind --------- Core Integrity 0/400 Matter 87/300 Energy 100/100 System Corruption 0% Temperature Cool (9) Movement Core (350) Ox6 Location -9/Materials Parts ------- > --- POWER (1) -------- (None) > --- PROPULSION (4) --- (None) > --- UTILITY (2) ------ Large Storage Unit > --- WEAPON (2) ------- (None) > --- INVENTORY (15) --- Shock Rifle Shock Rifle Advanced Beam Rifle Advanced Beam Rifle Assault Rifle Assault Rifle Peak State ------------ > --- POWER ------------ Light Ion Engine > --- PROPULSION ------- Light Treads Light Treads > --- UTILITY ---------- Large Storage Unit Weapon Shielding > --- WEAPON ----------- Advanced Beam Rifle Advanced Beam Rifle > --- INVENTORY -------- Shock Rifle Shock Rifle Advanced Beam Rifle Advanced Beam Rifle Assault Rifle Assault Rifle [Rating: 14] Favorites ----------- Power Light Ion Engine Engine Light Ion Engine Propulsion Light Treads Treads Light Treads Utility Weapon Shielding Storage Small Storage Unit Protection Weapon Shielding Weapon Medium Laser Energy Gun Medium Laser Ballistic Gun Assault Rifle Build | -11 -10 -9 ------- Run | Yrd Mat Mat Slots Evolved 2 | . . 2 Power . | . . . Propulsion 2 | . . 2 Utility . | . . . Weapon . | . . . Parts Attached 14 | 6 4 4 Power 1 | 1 . . Engine 1 | 1 . . Core . | . . . Reactor . | . . . Propulsion 2 | 2 . . Treads 2 | 2 . . Leg . | . . . Wheel . | . . . Hover . | . . . Flight . | . . . Utility 4 | 1 3 . Device . | . . . Storage 3 | 1 2 . Processor . | . . . Hackware . | . . . Protection 1 | . 1 . Artifact . | . . . Weapon 7 | 2 1 4 Energy Gun 6 | 2 . 4 Energy Cannon . | . . . Ballistic Gun 1 | . 1 . Ballistic Cannon . | . . . Launcher . | . . . Special Weapon . | . . . Impact Weapon . | . . . Slashing Weapon . | . . . Piercing Weapon . | . . . Special Melee Weapon . | . . . Unidentified Prototypes 1 | . . 1 Parts Lost 6 | . . 6 Power 1 | . . 1 Propulsion 2 | . . 2 Utility 1 | . . 1 Weapon 2 | . . 2 Highest Loss Streak 5 | . . 5 To Critical Strikes . | . . . Average Backups 2 | . 1 5 Power . | . . . Propulsion . | . . . Utility . | . . . Weapon 2 | . 1 5 Tool/Special . | . . . Unused Backups 3 | . . 3 Power . | . . . Propulsion . | . . . Utility . | . . . Weapon 3 | . . 3 Tool/Special . | . . . Average Slot Usage (%) 82 | . 96 55 Engine 10 | . 14 4 Treads 23 | . 28 14 Storage 12 | . 14 11 Protection 9 | . 10 7 Energy Gun 16 | . 17 15 Ballistic Gun 7 | . 10 1 Peak Build Rating 14 | 6 7 14 Average Rating 7 | 3 6 9 On Entrance 4 | . 6 7 Naked Turns . | . . . Heaviest Build 30 | 12 28 30 Greatest Support 40 | 40 40 40 Greatest Overweight (x) 8 | . . 8 Average Overweight (x) . | . . 1 Largest Inventory Capacity 15 | 8 15 15 Average Capacity 11 | 7 9 15 Most Carried 6 | 5 3 6 Average Carried 2 | 1 1 5 Final Capacity 15 | 8 15 15 Final Carried 6 | . 2 6 Class Distribution -------------------- 100% | Mutant Dominant Class ---------------- Mutant | -10/Materials Mutant | -9/Materials Resources | -11 -10 -9 ----------- Run | Yrd Mat Mat Matter Collected 111 | 80 . 31 Remotely . | . . . Salvage Created 135 | . 56 79 Parts 9 | . 5 4 Haulers Intercepted . | . . . Recyclers Shooed 1 | . 1 . Parts Field Recycled . | . . . Retrieved Matter . | . . . Parts Self-Destructed . | . . . Prevented . | . . . Kills | -11 -10 -9 ------- Run | Yrd Mat Mat Combat Hostiles Destroyed 3 | . 1 2 Guns 3 | . 1 2 Classes Destroyed 2 | . 2 . Watcher 1 | . 1 . Grunt 3 | . 1 2 Best Kill Streak 2 | . 2 2 Combat Bots Only 2 | . 1 2 Max Kills in Single Turn 1 | . 1 1 Gunslinging . | . . . Exploded . | . . . Melee . | . . . Uniques/NPCs Destroyed . | . . . Combat | -11 -10 -9 -------- Run | Yrd Mat Mat Hostile Shots Fired 114 | . 31 83 Missed 26 | . 8 18 Hits 88 | . 23 65 Projectile 88 | . 23 65 Critical Strikes 2 | . . 2 Actively Blocked 1 | . . 1 Damage Taken 1245 | . 282 963 Core 477 | . 70 407 Absorbed by Shields . | . . . Redirected to Shielding 53 | . 13 40 Core Remaining (%) 86 | 100 72 . Volleys Fired 15 | . 8 7 Largest 2 | . 2 2 Hottest 122 | . 70 122 Shots Fired 30 | . 16 14 Gun 30 | . 16 14 Cannon . | . . . Launcher . | . . . Special . | . . . Kinetic 8 | . 8 . Thermal 22 | . 8 14 Explosive . | . . . Electromagnetic . | . . . Robot Hit Streak 5 | . 5 3 Robot Miss Streak 2 | . 1 2 Penetration Max . | . . . Secondary Targets 1 | . 1 . Max Gunslinging Chain 1 | . 1 . Shots Hit Robots 21 | . 12 9 Core Hits 6 | . 4 2 Critical Kills . | . . . Critical Parts Destroyed . | . . . Critical Strikes 1 | . . 1 Burn 1 | . . 1 Melee Attacks . | . . . Impact . | . . . Slashing . | . . . Piercing . | . . . Sneak Attacks . | . . . Combat Hostiles . | . . . Follow-up Attacks . | . . . Damage Inflicted 388 | . 166 222 Guns 386 | . 166 220 Cannons . | . . . Explosions . | . . . Melee . | . . . Ramming 2 | . . 2 Kinetic 91 | . 91 . Thermal 295 | . 75 220 Explosive . | . . . Electromagnetic . | . . . Impact . | . . . Slashing . | . . . Piercing . | . . . Highest Corruption 1 | . 1 . Average Corruption 1 | . 1 . Corruption Purged . | . . . Corruption Blocked . | . . . Effects 1 | . 1 . Energy Discharges 1 | . 1 . Overload Shots . | . . . Overflow Damage . | . . . Projectiles . | . . . Explosions . | . . . Melee . | . . . Knockbacks . | . . . Impact . | . . . Kinetic . | . . . Secondary . | . . . Self-Inflicted Damage . | . . . Shots . | . . . Rammed 3 | . . 3 Targets Rammed 3 | . . 3 Kicked . | . . . Crushed . | . . . Highest Temperature 289 | . 169 289 Average Temperature 122 | . 74 160 Received Heat Transfer 636 | . 159 477 Siege Activations . | . . . Martial Activations . | . . . Shielding Activations . | . . . Robots Disrupted . | . . . Combat Hostiles . | . . . Robots Corrupted . | . . . Combat Hostiles . | . . . Parts Fried . | . . . Impact Corruptions . | . . . Robots Melted . | . . . Combat Hostiles . | . . . Parts Melted 1 | . . 1 Heat Transferred 703 | . 222 481 Parts Sabotaged . | . . . Parts Stolen . | . . . Parts Stripped . | . . . Power Chain Reactions . | . . . Alert | -11 -10 -9 ------- Run | Yrd Mat Mat Maximum Alert Level . | . . . Low Security (%) 100 | 100 100 100 Level 1 . | . . . Level 2 . | . . . Level 3 . | . . . Level 4 . | . . . Level 5 . | . . . High Security . | . . . Max Security . | . . . Peak Influence 41 | . 30 41 Initial 12 | . . 12 Average 3 | . . 9 Influence Increases 82 | . 41 41 Destroy 0b10 Robot/C 60 | . 20 40 Destroy 0b10 Robot/NC 5 | . 5 . Destroy Leader 12 | . 12 . Successful Hack 4 | . 4 . Destroy Structure 1 | . . 1 Influence Decreases 82 | . 11 71 Entered New Map 18 | . . 18 Time Decay 43 | . 11 32 Lost Part 21 | . . 21 Squads Dispatched 2 | . 2 . Investigation 1 | . 1 . Extermination . | . . . Reinforcement 1 | . 1 . Assault . | . . . Garrison . | . . . Intercept . | . . . Searches Triggered . | . . . Construction Impeded . | . . . Haulers Reinforced . | . . . Active Scanning Responses . | . . . Cargo Convoy Interrupts . | . . . Stealth | -11 -10 -9 --------- Run | Yrd Mat Mat Distress Signals 1 | . . 1 Communications Jammed . | . . . Distress Signals . | . . . Times Spotted 13 | . 7 6 Peak Tracking Total 4 | . 4 4 Tactical Retreats . | . . . Traps | -11 -10 -9 ------- Run | Yrd Mat Mat Traps Triggered 2 | . 2 . Indirectly . | . . . Trap Hack Attempts . | . . . Triggered . | . . . Disarmed . | . . . Reprogrammed . | . . . Reused . | . . . Traps Extracted . | . . . Installed . | . . . Triggered . | . . . Machines | -11 -10 -9 ---------- Run | Yrd Mat Mat Machines Disabled . | . . . Max in Single Turn . | . . . Machines Repaired . | . . . Machines Dismantled . | . . . Machines Sabotaged . | . . . Overloaded Fab Kills . | . . . Hacking | -11 -10 -9 --------- Run | Yrd Mat Mat Machines Accessed 2 | . 2 . Terminals . | . . . Fabricators . | . . . Repair Stations . | . . . Recycling Units 2 | . 2 . Scanalyzers . | . . . Garrison Access . | . . . Total Hacks 4 | . 4 . Successful 3 | . 3 . Failed 1 | . 1 . Catastrophic . | . . . Database Lockouts . | . . . Manual 6 | . 6 . Terminals . | . . . Fabricators . | . . . Repair Stations . | . . . Recycling Units 4 | . 4 . Scanalyzers . | . . . Garrison Access . | . . . Terminal Hacks . | . . . Fabricator Hacks . | . . . Repair Station Hacks . | . . . Recycling Unit Hacks . | . . . Scanalyzer . | . . . Garrison Access Hacks . | . . . Unauthorized Hacks . | . . . Terminals . | . . . Fabricators . | . . . Repair Stations . | . . . Recycling Units . | . . . Scanalyzers . | . . . Garrison Access . | . . . Data Cores Recovered . | . . . Used . | . . . Hacking Detections . | . . . Full Trace Events . | . . . Feedback Events . | . . . Feedback Blocked . | . . . Robot Schematics Acquired . | . . . Robots Built . | . . . Authchips . | . . . Time . | . . . Total Robot Build Rating . | . . . Part Schematics Acquired . | . . . Parts Built . | . . . Authchips . | . . . Time . | . . . Total Part Build Rating . | . . . Parts Repaired . | . . . Time . | . . . Parts Recycled . | . . . Recycled Matter . | . . . Retrieved Matter . | . . . Retrieved Components . | . . . Parts Scanalyzed . | . . . Part Schematics Acquired . | . . . Parts Damaged . | . . . Bothacking | -11 -10 -9 ------------ Run | Yrd Mat Mat Used RIF Installer . | . . . Robots Hacked . | . . . Non-combat . | . . . Combat . | . . . Robot Hacks Applied . | . . . Relay Couplers Released . | . . . Fabnet Peak Effective % . | . . . Robots Rewired . | . . . Allies Hacked . | . . . Hacks Repelled . | . . . Allies | -11 -10 -9 -------- Run | Yrd Mat Mat Total Allies . | . . . Largest Group . | . . . Highest-Rated Group . | . . . Highest-Rated Ally . | . . . Total Orders . | . . . Ally Attacks . | . . . Total Damage . | . . . Kills . | . . . Allies Corrupted . | . . . Allies Melted . | . . . Intel | -11 -10 -9 ------- Run | Yrd Mat Mat Active Infowar (turns) . | . . . Robot Analysis Total . | . . . Derelict Logs Recovered . | . . . Drone Launches . | . . . Drone Recoveries . | . . . Exploration | -11 -10 -9 ------------- Run | Yrd Mat Mat Turns Passed 510 | 43 310 157 Spaces Moved 258 | 31 172 55 Core 26 | 15 . 11 Treads 232 | 16 172 44 Legs . | . . . Wheels . | . . . Hover . | . . . Flight . | . . . Fastest Speed 50 | 50 160 160 Average Speed 163 | 106 160 205 Slowest Speed 450 | 160 160 450 Overloaded Moves . | . . . Propulsion Burnouts . | . . . Robots Hopped . | . . . Potential Cave-ins . | . . . Cave-ins Triggered . | . . . Exploration Rate (%) 13 | 4 28 7 Regions Visited 2 Branch Regions . Pre-discovered Areas . | . . . Known Exits Taken . | . . . Unknown Exits Taken 2 | 1 1 . Scrap Searched . | . . . Spaces Dug . | . . . Terrain Destroyed . | . . . Melee . | . . . Projectile . | . . . AOE . | . . . Terrain Rammed . | . . . Walls Destroyed . | . . . Machines Disabled . | . . . Actions | -11 -10 -9 --------- Run | Yrd Mat Mat Total 308 | 41 190 77 Wait . | . . . Move 256 | 30 171 55 Hop . | . . . Pick Up 16 | 5 5 6 Fast Attach 1 | 1 . . Attach 6 | 5 1 . Detach . | . . . Swap 7 | . 3 4 Drop 4 | . 2 2 Fire 15 | . 8 7 Melee . | . . . Ram 3 | . . 3 Kick . | . . . Crush . | . . . Escape Stasis . | . . . Rewire . | . . . Trap . | . . . Miscellaneous . | . . . Route ------- -11/Scrapyard -10/Materials -9/Materials History --------- Turn | Location | Event 8 | -11/Scrapyard | Discovered new exit (range 16) 44 | -11/Scrapyard | Entered Materials 299 | -10/Materials | Discovered new exit (range 7) 310 | -10/Materials | Build established: Mutant 354 | -10/Materials | Entered another Materials area 354 | -9/Materials | Evolved 2 slots: Propulsion x2 483 | -9/Materials | Core integrity fell below 50% 502 | -9/Materials | Core integrity fell below 20% 511 | -9/Materials | Destroyed by G-47 Trooper with Particle Gun Last Messages --------------- 00429_ Sml. Laser melted. 00429_ G-34 Mercenary destroyed. 00430_ R-06 Scavenger collects Aluminum Leg. 00434_ R-06 Scavenger collects Heat Sink. 00436_ W-16 Scout sends out distress signal. 00437_ K-01 Serf collects debris. 00438_ R-06 Scavenger collects Ion Engine. 00441_ K-01 Serf collects debris. 00456_ Lgt. Treads destroyed. 00460_ Slammed into G-47 Trooper. 00460_ Destabilizing: Core damaged (-12). 00465_ Weapon Shielding destroyed. 00469_ Acquired 31 matter. 00479_ Adv. Beam Rifle destroyed. 00486_ R-06 Scavenger collects Aluminum Leg. 00486_ Adv. Beam Rifle destroyed. 00506_ Slammed into G-47 Trooper. 00507_ Critical hit (Burn: +37). 00509_ K-01 Serf collects debris. 00510_ Slammed into G-47 Trooper. Map ----- +----------------------------------------------------+ | ?????????????????????????????????????????????????? | | ?????????????????????????????????????????????????? | | ?????????????????????????????????????????????????? | | ?????????????????????????????????????????????????? | | ?????????????????????????????????????????????????? | | ?????????????????????????????????????????????????? | | ?????????????????????????????????????????????????? | | ?????????????????????????????????????????????????? | | ?????????????????????????????????????????????????? | | ?????????????????????????????? ??????????????????? | | ?????????????????????????????? ??????????????????? | | ?????????????????????????????? ??????????????????? | | ?????????????????????????????? ??????????????????? | | ?????????????????????????????? ??????????????????? | | ?????????????????????????????? #?????????????????? | | ?????????????????????????????? #?????????????????? | | ??????????????????# ?????????# #?????????????????? | | ??????????????????# "????????# #?????????????????? | | ????????????????????""???????# #?????????????????? | | ????????????????????? ??????# #?????????????????? | | ?????????????????????##+###### ################### | | ?????????????????????# %k | | ?????????????????????# =% | | ?????????????????????# ^ | | ????????????????????#####/####+#+######### ## | | ????????????????????# @g # #????# #? | | ????????????????????# """ # #????#[[ [[#? | | ????????????????????# """"" # " " #????#[[ [[#? | | ????????????????????# """"" # "R" !#????########? | | ????????????????????# """""Y# """ #????????????? | | ????????????????????# """ # #????????????? | | ????????????????????# Y ?### ####????????????? | | ????????????????????# ??????###???????????????? | | ????????????????????# ????????????????????????? | | ????????????????????#####????????????????????????? | | ?????????????????????????????????????????????????? | | ?????????????????????????????????????????????????? | | ?????????????????????????????????????????????????? | | | | | | | | | | | | | | | | | | | | | | | | | +----------------------------------------------------+ Best States ------------- Heat Dissipation 28 Energy Generation 10 Energy Capacity 125 Matter Stores 120 Matter Capacity 300 Sight Range 16 Terrain Scan Density 10 Weapon Shielding 33 Evasion (%) 50 Recoil Reduction 2 Item Schematics ----------------- None Robot Schematics ------------------ None Fabricated ------------ Nothing Repaired ---------- Nothing Alien Tech Used ----------------- None Achievements -------------- None Challenges ------------ None Game ------ Seed LauncherAbsorptionSuit Manual? 0 Play Time 00:07:33 Cumulative 87.7 hours Start 2025.05.08 @ 10:18:08 End 2025.05.08 @ 10:23:57 Sessions 1 Manual Loads 0 Difficulty Rogue Special Mode None Game No. 254 Rogue 254 Adventurer 0 Explorer 0 Win Type - Total 0 Types 0/0/0/0/0/0/0/0/0/0 Lore% 23 Gallery% 40 Achievement% 32 Wizard Run 0 Options --------- Layout 0 ASCII 0 Keyboard 0 Movement Mouse Keybinds 0 Fullscreen 1 Font 12/Smallcaps Map View 38x28 Zoom Use 100% Tactical HUD 1 Map Filters NONE Filters NONE Steam SD RUN: 22260c4c-3f45-4a83-9de6-29c7b1613849